 Dungeon Crawl Stone Soup version 0.26.1-11-gd32895ea62 (webtiles) character file.

Game seed: 15143513334372882144

90 raph the Firebug (level 4, -4/24 HPs)
             Began as a Deep Elf Fire Elementalist on June 15, 2021.
             Was a Follower of Elyvilon.
             Slain by an adder (5 damage)
             ... on level 3 of the Dungeon.
             The game lasted 00:05:52 (2822 turns).

raph the Firebug (Deep Elf Fire Elementalist)       Turns: 2822, Time: 00:05:52

Health: -4/24      AC:  3    Str:  5    XL:     4   Next: 32%
Magic:  0/10       EV: 13    Int: 21    God:    Elyvilon [*.....]
Gold:   56         SH:  0    Dex: 15    Spells: 1/9 levels left

rFire    . . .     SeeInvis .   c - +0 short sword
rCold    . . .     Faith    .   (no shield)
rNeg     . . .     Spirit   .   a - +0 robe
rPois    .         Reflect  .   p - +0 helmet
rElec    .         Harm     .   (no cloak)
rCorr    .         Rampage  .   (no gloves)
Will     .....                  (no boots)
Stlth    ++........             f - amulet of the acrobat
HPRegen  0.08/turn              (no ring)
MPRegen  0.12/turn              (no ring)

@: no status effects
A: no striking features
a: Renounce Religion, Lesser Healing, Divine Protection


You were on level 3 of the Dungeon.
You worshipped Elyvilon.
Elyvilon was aware of your devotion.
You visited 1 branch of the dungeon, and saw 3 of its levels.

You collected 56 gold pieces.

Inventory:

Hand Weapons
 c - a +0 short sword (weapon)
Armour
 a - a +0 robe (worn)
 p - a +0 helmet (worn)
Jewellery
 f - an amulet of the acrobat (around neck)
Scrolls
 d - a scroll of magic mapping
 g - 2 scrolls of remove curse
Potions
 b - 2 potions of curing
 e - a potion of might
 i - a potion of resistance
 q - a potion of magic
 r - a potion of heal wounds {unknown}
 s - a potion of mutation {unknown}
 t - a potion of brilliance {unknown}


   Skills:
 - Level 2.4 Dodging
 - Level 2.4 Stealth
 + Level 3.1 Spellcasting
 + Level 3.2 Conjurations
 * Level 4.6 Fire Magic


You had one spell level left.
You knew the following spells:

 Your Spells              Type           Power        Failure   Level
a - Foxfire               Conj/Fire      76%          2%          1
b - Conjure Flame         Conj/Fire      19%          8%          3
c - Sticky Flame          Conj/Fire      19%          26%         4

Your spell library contained the following spells:

 Spells                   Type           Power        Failure   Level
 Inner Flame              Hex/Fire       13%          16%         3
 Fireball                 Conj/Fire      9%           58%         5


Dungeon Overview and Level Annotations

Branches:
Dungeon (3/15)

Altars:
Ashenzari
Elyvilon
Makhleb
Zin


Message History

You conjure some foxfire!
The foxfire hits the iguana but does no damage.
The iguana is moderately wounded.
The foxfire hits the iguana.
The iguana is heavily wounded.
The iguana bites you!
Ouch! That really hurt!
* * * LOW HITPOINT WARNING * * *
The adder bites you but does no damage.
Your foxfire dissipates!
The foxfire hits the iguana.
The iguana is almost dead.
Casting: Foxfire (safe; 2% risk of failure)
Confirm with . or Enter, or press ? or * to list all spells.
You conjure some foxfire!
The adder bites you.
* * * LOW HITPOINT WARNING * * *
The iguana bites you! Elyvilon protects you from harm! The adder bites you.
You die...

*,* *,**,,,,,,,,,,**
#,* *.#***,,,,*,****
#.* #.###**##.#.#**,
#.#####...,,,...#.#,,,
#........#***#..#.S,**
#........# ##....#**
#........####...#.#
#...v....##.....#.#
#...v@l..##.##..#.####
#....§S.....>.........
##.......#......#.##..
#.......#......#.#*,.
#.......#.....?#..,,,
#.......#......#...,,
#.......#......#....,
#########......#.....
#...)..#.....


You could see an iguana and an adder.

Vanquished Creatures
  An orc wizard (D:2)
  An adder (D:2)
  A worm (D:2)
  3 orcs (D:2)
  2 giant cockroaches
  6 goblins
  5 hobgoblins
  3 jackals (D:2)
  6 kobolds
  A quokka (D:2)
  A ball python (D:2)
  5 bats
  3 frilled lizards
  13 rats
51 creatures vanquished.

Vanquished Creatures (others)
  151 foxfires
151 creatures vanquished.

Grand Total: 202 creatures vanquished

Notes
Turn   | Place    | Note
-------+----------+-------------------------------------------
     0 | D:1      | raph the Deep Elf Fire Elementalist began the quest for the
                  | Orb.
     0 | D:1      | Reached XP level 1. HP: 10/10 MP: 6/6
   440 | D:1      | Reached XP level 2. HP: 15/15 MP: 6/8
  1263 | D:2      | Reached skill level 4 in Fire Magic
  1372 | D:2      | Reached XP level 3. HP: 19/19 MP: 7/9
  1376 | D:2      | Learned a level 3 spell: Conjure Flame
  1699 | D:2      | Reached XP level 4. HP: 24/24 MP: 7/10
  1707 | D:2      | Found a white marble altar of Elyvilon.
  1810 | D:2      | Became a worshipper of Elyvilon the Healer
  2006 | D:2      | Found a burning altar of Makhleb.
  2011 | D:2      | Found a broken altar of Ashenzari.
  2013 | D:2      | Found a glowing silver altar of Zin.
  2317 | D:2      | Learned a level 4 spell: Sticky Flame
  2795 | D:3      | Noticed a centaur
  2805 | D:3      | Reached * piety under Elyvilon
  2822 | D:3      | HP: 1/24 [adder (3)]
  2822 | D:3      | Elyvilon protects you from harm!
  2822 | D:3      | Slain by an adder

Illustrated notes

Levels and vault maps discovered:
D:1:      dpeg_arrival_ratfight, layout_basic, minmay_misc_feat_tiny
D:2:      layout_basic, minitemple, lemuel_coloured_pillars_altar,
          kennysheep_potato
D:3:      minmay_door_path, layout_basic

Skill      XL: |  1  2  3 |
---------------+----------+-----
Conjurations   | 2 3 |  3.2
Fire Magic     | 4 |  4.6
Dodging        | |  2.4
Stealth        | |  2.4
Spellcasting   | |  3.1

Action                   |  1- 3 |  4- 6 || total
-------------------------+-------+-------++-------
Melee: Short sword       |    12 |     2 ||    14
 Cast: Foxfire           |    63 |    30 ||    93
  Use: Scroll            |       |    13 ||    13
       Potion            |       |     1 ||     1
Armor: Robe              |     4 |     6 ||    10
Dodge: Dodged            |    16 |     4 ||    20
